AoeStats
← HappyTree

Black Forest

503499092Analyzed
4v4 RM · 1mo ago on Aug 31, 2026· 39m 9s· 8 players
Game mode
Random Map
Map size
Large (8 player)
Population
200
Speed
Normal
Resources
Standard
Victory
Conquest
Starting age
Dark Age
Ending age
Imperial Age
RankedLock teamsTeams togetherTeam positionsShared explorationLock speedFull tech treeHidden civsTurbo modeCheats
Victory
Defeat
🇲🇽 Aztecs · Mexico
957
+14
🇧🇴 Berbers · Bolivia
874
+18
🇯🇵 Khmer · Japan
852
+19
🇨🇱 Magyars · Chile
776
+22
🇲🇽 Britons · Mexico
977
-21
🇲🇽 Bulgarians · Mexico
963
-20
🇮🇳 Celts · India
963
-20
🇪🇸 Spanish · Spain
783
-12
Elma Kanon
11:57 Feudal Age
16:54 Castle Age
15:15 Double-Bit Axe
18:25 Bow Saw
17:56 Horse Collar
22:26 Heavy Plow
24:35 Gold Mining
30:51 Imperial Age
28:29 Squires
29:18 Wheelbarrow
29:27 Gold Shaft Mining
29:06 Forging
29:03 Gambesons
29:40 Arson
30:21 Eagle Warrior
31:21 Scale Mail Armor
32:19 Hand Cart
33:07 Crop Rotation
32:46 Elite Eagle Warrior
36:24 Iron Casting
36:25 Capped Ram
38:27 Blast Furnace
38:25 Siege Ram
39:53 Chain Mail Armor
DeMoTiX
1:08 Loom
14:13 Feudal Age
17:04 Double-Bit Axe
21:56 Castle Age
20:43 Gold Mining
20:47 Stone Mining
20:21 Man-at-Arms
21:33 Arson
22:58 Horse Collar
29:17 Long Swordsman
33:33 Wheelbarrow
35:30 Redemption
37:03 Bloodlines
kokokun
7:50 Loom
15:01 Feudal Age
18:26 Castle Age
17:18 Double-Bit Axe
17:16 Horse Collar
17:39 Stone Mining
18:53 Wheelbarrow
19:06 Gold Mining
22:13 Husbandry
29:54 Ballistics
29:49 Bloodlines
37:23 Imperial Age
38:28 Scale Barding Armor
38:34 Forging
39:07 Hoardings
39:27 Hand Cart
39:25 Bow Saw
39:22 Heavy Plow
Captain Mangojack
11:00 Feudal Age
11:54 Double-Bit Axe
13:19 Wheelbarrow
12:46 Man-at-Arms
16:13 Arson
18:31 Horse Collar
20:46 Scale Mail Armor
25:08 Castle Age
26:39 Hand Cart
27:42 Bow Saw
28:55 Corvinian Army
33:47 Imperial Age
35:44 Conscription
38:53 Two-Man Saw
†oTTo†
0:40 Loom
12:49 Feudal Age
13:21 Gold Mining
13:28 Double-Bit Axe
15:44 Wheelbarrow
15:31 Horse Collar
23:23 Castle Age
21:26 Scale Mail Armor
HappyTree
5:09 Loom
12:40 Feudal Age
14:18 Town Watch
16:09 Wheelbarrow
18:49 Double-Bit Axe
23:08 Castle Age
joelviteladelacruz
0:58 Loom
17:02 Feudal Age
18:01 Fishing Lines
18:53 Double-Bit Axe
20:04 Horse Collar
27:07 Castle Age
25:43 Gold Mining
25:44 Stone Mining
26:43 Forging
26:34 Scale Mail Armor
28:31 Stone Shaft Mining
28:32 Gold Shaft Mining
28:36 Wheelbarrow
27:47 Town Watch
29:45 Hand Cart
30:33 Iron Casting
33:16 Imperial Age
32:35 Bow Saw
34:33 Bagains
34:36 Gambesons
34:52 Squires
35:13 Heavy Plow
36:15 Iron Casting
36:56 Crop Rotation
39:12 Blast Furnace
38:36 Chain Mail Armor
dushyanthkuthati
0:40 Loom
12:33 Feudal Age
16:13 Wheelbarrow
16:22 Horse Collar
21:07 Castle Age
19:10 Double-Bit Axe
19:36 Gold Mining
22:13 Hand Cart
Connection lost

Rejoining the realm…

Still unreachable

The connection could not be restored.

Session expired

The server has moved on; the page needs a fresh start.